 Dungeon Crawl Stone Soup version 0.31-a0-187-gba352fbbf7 (webtiles) character file.

Game seed: 5026510531477158359

104 qw the Shooter (level 4, -5/25 HPs)
             Began as a Deep Elf Hunter on June 22, 2023.
             Shot with an arrow by a centaur (11 damage)
             ... on level 3 of the Dungeon.
             The game lasted 00:00:41 (2152 turns).

qw the Shooter (Deep Elf Hunter)                    Turns: 2152, Time: 00:00:42

Health: -5/25      AC:  3    Str: 10    XL:     4   Next: 52%
Magic:  6/6        EV: 12    Int: 14    God:
Gold:   145        SH:  0    Dex: 18    Spells: 3/3 levels left

rFire   . . .        Y - +0 shortbow
rCold   . . .        (shield currently unavailable)
rNeg    . . .        c - +0 leather armour
rPois   .            (no helmet)
rElec   .            (no cloak)
rCorr   .            (no gloves)
SInv    .            (no boots)
Will    .....        (no amulet)
Stlth   ++           (no ring)
HPRegen 0.24/turn    (no ring)
MPRegen 0.10/turn

%: no passive effects
@: no status effects
A: no striking features
a: no special abilities


You were on level 3 of the Dungeon.
You visited 1 branch of the dungeon, and saw 3 of its levels.

You collected 145 gold pieces.


   Skills:
 - Level 1.5 Fighting
 + Level 7.9 Ranged Weapons
 - Level 2.4 Dodging
 - Level 1.2 Stealth


You had 3 spell levels left.
You didn't know any spells.
Your spell library was empty.

Inventory:

Hand Weapons
 Y - a +0 shortbow (weapon)
Armour
 c - a +0 leather armour (worn)
 h - a +0 scale mail
Jewellery
 e - a +4 ring of slaying {mikee}
Scrolls
 a - a scroll of identify
Potions
 b - a potion of might
 d - a potion of curing
 f - 2 potions of haste
 g - a potion of enlightenment

Dungeon Overview and Level Annotations

Branches:
Dungeon (3/15)

Altars:

Annotations:
D:3 1 transporter


Message History

Enter note:
Enter note:
Enter note:
Things that are here:
a +0 heavy mace; a +0 leather armour
Enter note:
Enter note:
Enter note: The gnoll shouts!
You hear a shout!
You now have 145 gold pieces (gained 4).
You open the door.
There is an open door here.
A centaur comes into view.
Enter note:
Enter note:
Enter note:
Enter note:
Enter note: You shoot an arrow.
The arrow hits the centaur but does no damage.
The centaur wields a +0 shortbow.
The centaur shoots an arrow.
The arrow hits you.
The centaur shoots an arrow.
The arrow barely misses you.
You shoot an arrow. The arrow hits the centaur.
The centaur is lightly wounded.
The centaur shoots an arrow.
The arrow barely misses you.
You shoot an arrow.
The arrow completely misses the centaur.
The centaur shoots an arrow.
The arrow closely misses you.
The centaur shoots an arrow.
The arrow hits you!
You shoot an arrow. The arrow hits the centaur.
The centaur is moderately wounded.
The centaur shoots an arrow.
The arrow hits you.
You shoot an arrow. The arrow hits the centaur!
The centaur is heavily wounded.
The centaur shoots an arrow.
The arrow barely misses you.
The centaur shoots an arrow.
The arrow closely misses you.
You shoot an arrow. The arrow hits the centaur.
The centaur is almost dead.
The centaur shoots an arrow.
The arrow hits you!
You die...

##..#. .c... ###...##
... ####.....#. ...
.........#. ...
.........#. # #.#
#..........#.
#.##.####..........#.
#..................#.
#@# #....####.##
####.#####....####.##
#....................
...#+##'####.....##.#...
..........##........#...
###.......##......###...
#.................#...
##.##+##..........##..
#. #...........#..


You could see a centaur.

Vanquished Creatures
  Jessica (D:1)
  3 gnolls (D:3)
  2 dart slugs (D:1)
  An orc (D:3)
  4 ball pythons
  4 bats
  An endoplasm (D:1)
  2 giant cockroaches
  4 goblins
  7 hobgoblins
  2 jackals (D:1)
  A quokka (D:1)
  3 frilled lizards
  6 kobolds
  5 rats
46 creatures vanquished.

Notes
Turn   | Place    | Note
-------+----------+-------------------------------------------
     0 | D:1      | qw the Deep Elf Hunter began the quest for the Orb.
     0 | D:1      | Reached XP level 1. HP: 12/12 MP: 3/3
     0 | D:1      | 0 ||| qw: Version: 0.3-a-9-g12657ce
     0 | D:1      | 0 ||| qw: Game counter: 2425
     0 | D:1      | 0 ||| qw: Always use a shield: true
     0 | D:1      | 0 ||| qw: God list: Okawaru
     0 | D:1      | 0 ||| qw: Allow faded altars: false
     0 | D:1      | 0 ||| qw: Do Orc after D:15 true
     0 | D:1      | 0 ||| qw: Do second Lair branch before Depths: true
     0 | D:1      | 0 ||| qw: Lair rune preference: random
     0 | D:1      | 0 ||| qw: Plans: Normal
     0 | D:1      | 0 ||| PLANNING D:1-11
   152 | D:1      | Reached XP level 2. HP: 16/16 MP: 4/4
   181 | D:1      | Reached skill level 6 in Ranged Weapons
   712 | D:1      | Reached XP level 3. HP: 20/20 MP: 5/5
   861 | D:1      | 861 ||| READING scroll labelled OSIABBYWNA.
   862 | D:1      | 862 ||| READING scroll labelled LYERAPSUPI.
   863 | D:1      | 863 ||| READING scroll labelled WABOSTR LATEIJA.
   864 | D:1      | 864 ||| DRINKING 2 dark potions.
   865 | D:1      | 865 ||| DRINKING 2 grey potions.
   866 | D:1      | 866 ||| DROPPING scroll of butterflies.
   868 | D:1      | 868 ||| Stepping ~*~*~tactically~*~*~ (cloud).
   874 | D:1      | HP: 5/20 [poisoned by you (poison gas)]
   879 | D:1      | HP: 2/20 [poisoned by you (poison gas)]
  1006 | D:2      | Noticed Jessica
  1013 | D:2      | 1013 ||| STAIRDANCE
  1072 | D:2      | 1072 ||| STAIRDANCE
  1076 | D:1      | Killed Jessica
  1077 | D:1      | Reached skill level 7 in Ranged Weapons
  1507 | D:2      | Reached XP level 4. HP: 25/25 MP: 6/6
  1724 | D:2      | 1724 ||| READING scroll labelled DEMOAM GEWIAMN.
  1725 | D:2      | 1725 ||| DRINKING 2 smoky pink potions.
  1726 | D:2      | 1726 ||| READING 3 scrolls of identify.
  1726 | D:2      | 1726 ||| IDENTIFYING fuming black potion
  1727 | D:2      | 1727 ||| READING 2 scrolls of identify.
  1727 | D:2      | 1727 ||| IDENTIFYING lumpy ruby potion
  1728 | D:2      | 1728 ||| DROPPING potion of ambrosia.
  2097 | D:3      | Found a transporter.
  2146 | D:3      | Noticed a centaur
  2150 | D:3      | HP: 6/25 [centaur/arrow (6)]
  2152 | D:3      | Shot with an arrow by a centaur

Levels and vault maps discovered:
D:1:      matt_arrival_diagonals, layout_basic, item_on_display_a
D:2:      wad_crossroads, layout_basic, minmay_tetromino_t2, uniq_jessica
D:3:      layout_basic, gammafunk_ghost_gnarly_gnolls, nicolae_underground_beach

Skill      XL: |  1  2  3 |
---------------+----------+-----
Ranged Weapons | 6 7 |  7.9
Fighting       | |  1.5
Dodging        | |  2.4
Stealth        | |  1.2

Action                     |  1- 3 |  4- 6 || total
---------------------------+-------+-------++-------
   Fire: Shortbow          |    87 |    30 ||   117
    Use: Scroll            |     3 |     3 ||     6
         Potion            |     2 |     1 ||     3
 Armour: Leather armour    |     4 |       ||     4
  Dodge: Dodged            |    15 |     9 ||    24

Table legend:
 A = Non-vault XP
 B = Vault XP
 C = Vault XP percentage of total XP
 D = Non-vault monster count
 E = Vault monster count
 F = Vault count percentage of total count
                 A         B        C        D         E       F
            +---------+---------+-------+---------+---------+-------
      Total |     106 |      43 |  28.9 |      40 |       6 |  13.0
            +---------+---------+-------+---------+---------+-------
        D:1 |      47 |      37 |  44.0 |      27 |       1 |   3.6
        D:2 |      11 |       6 |  35.3 |       7 |       5 |  41.7
        D:3 |      48 |       0 |   0.0 |       6 |       0 |   0.0
            +---------+---------+-------+---------+---------+-------
